 Dungeon Sprint DCSS version 0.29.1-15-g9cfb28693d (webtiles) character file.

Game seed: 16748456758200416504

8 Revguard the Ducker (level 2, -4/27 HPs)
             Began as a Troll Gladiator on Mar 10, 2023.
             Was an Initiate of Jiyva.
             Slain by a yaktaur (6 damage)
             ... in the Dungeon (Sprint V: "Ziggurat Sprint").
             The game lasted 00:01:23 (108 turns).

Revguard the Ducker (Troll Gladiator)                Turns: 108, Time: 00:01:23

Health: -4/27      AC: 21    Str: 21    XL:     2   Next: 0%
Magic:  1/1        EV:  3    Int:  4    God:    Jiyva [......]
Gold:   0          SH:  0    Dex: 23    Spells: 1/1 levels left

rFire   + + +      SeeInvis .   D - +7 great mace "Firestarter" {inner flame, rF++}
rCold   + . .      Faith    .   (shield currently unavailable)
rNeg    . . .      Spirit   .   E - +5 gold dragon scales
rPois   +          Reflect  .   c - +0 hat
rElec   .          Harm     .   (no cloak)
rCorr   .          Rampage  .   (gloves unavailable)
Will    .....      NoTele   +   (boots unavailable)
Stlth   ..........              (no amulet)
HPRegen 0.89/turn               v - +6 ring of dexterity
MPRegen 0.07/turn               w - +6 ring of dexterity

@: no status effects
A: large, unfitting armour, claws 3, regeneration 1, shaggy fur 1, tough skin 1
a: Renounce Religion


You were in the Dungeon.
You worshipped Jiyva.
Jiyva was noncommittal.
You visited 1 branch

Inventory:

Hand Weapons
 a - a +0 flail
 D - the +7 great mace "Firestarter" (weapon) {inner flame, rF++}
   (You found it in the Dungeon)

   It burns those it strikes, dealing additional fire damage.
   It fills those it strikes with an explosive inner flame.
   It grants immunity to clouds of flame.
   rF:        It greatly protects you from fire.
Missiles
 d - 3 throwing nets (quivered)
 e - a large rock
Armour
 b - a +0 robe
 c - a +0 hat (worn)
 E - +5 gold dragon scales (worn)
Jewellery
 u - a ring of flight
 v - a +6 ring of dexterity (left claw)
 w - a +6 ring of dexterity (right claw)
 x - a +6 ring of intelligence
 y - a +6 ring of intelligence
 z - a +6 ring of strength
 A - a +6 ring of strength
Wands
 B - a wand of mindburst (7)
 C - a wand of acid (7)
Scrolls
 k - 4 scrolls of blinking
 q - 4 scrolls of amnesia
 r - 7 scrolls of fog
 s - 5 scrolls of identify
 t - 2 scrolls of fear
Potions
 f - 10 potions of curing
 g - 10 potions of heal wounds
 h - 6 potions of haste
 i - 7 potions of magic
 j - 3 potions of berserk rage
 l - 2 potions of brilliance
 m - 2 potions of invisibility
 n - 4 potions of resistance
 p - 5 potions of might


   Skills:
 + Level 1.5 Fighting
 + Level 2.6 Maces & Flails
 + Level 1.7 Throwing
 + Level 4.1 Armour
 + Level 5.0 Dodging
 + Level 0.0 Evocations


You had one spell level left.
You didn't know any spells.
Your spell library was empty.

Dungeon Overview and Level Annotations

Branches:
Dungeon (1/1)

Altars:
Ashenzari
Cheibriados
Dithmenos
Elyvilon
Fedhas
Gozag
Hepliaklqana
Kikubaaqudgha
Makhleb
Nemelex Xobeh
Okawaru
Qazlal
Ru
Sif Muna
Trog
Uskayaw
Vehumet
Wu Jian
Xom
Yredelemnul
Zin
The Shining One
Jiyva
Lugonu

Annotations:
D 1 transporter


Innate Abilities, Weirdness & Mutations

You are too large for most types of armour.
You have claws for hands.
Your natural rate of healing is unusually fast.
You are covered in fur. (AC +1)
You have tough skin. (AC +1)


Message History

You hear a distant slurping noise.
Things that are here:
a +5 quick blade; a +5 rapier; a +5 dagger
Items here: )))).
You see here a +5 lajatang.
Items here: )))))).
Things that are here:
a +5 executioner's axe; a +5 battleaxe; a +5 broad axe Jiyva says: Divide and consume!
You hear a slurping noise.
You hear a slurping noise.
There is a transporter here.
Welcome to arena 1.
You enter the transporter and appear at another place. 2 yaktaurs come into view.
The yaktaur shouts! x2
The yaktaur wields a +0 arbalest.
The yaktaur shoots a bolt.
The bolt hits you!
Ouch! That really hurt!
The yaktaur wields a +0 arbalest.
The yaktaur shoots a bolt.
The bolt barely misses you.
Found the ring of Vanity {rPois rF+ AC+4 Int+6} and a +6 ring of dexterity.
Found a transporter.
You sock the yaktaur! You burn the yaktaur!
The yaktaur is filled with an inner flame.
The yaktaur is heavily wounded.
The yaktaur unwields a +0 arbalest.
The yaktaur hits you but does no damage.
The yaktaur unwields a +0 arbalest.
The yaktaur hits you but does no damage.
You hear a distant slurping noise.
You sock the yaktaur!
Flame seeps out of the yaktaur.
You burn the yaktaur.
Flame seeps out of the yaktaur.
The yaktaur is severely wounded.
The yaktaur hits you!
* * * LOW HITPOINT WARNING * * *
The yaktaur is engulfed in blazing flames.
Flame seeps out of the yaktaur.
The yaktaur hits you.
* * * LOW HITPOINT WARNING * * *
The yaktaur hits you.
You die...

▓▓▓▓▓▓▓
▓.8©8.▓
▓.....▓
▓.=.=.▓
▓.cc..▓
▓..@..▓
▓..©..▓
▓▓▓▓▓▓▓


You could see 2 yaktaurs.

Vanquished Creatures (others)
  4 jellies (D)
4 creatures vanquished.

Notes
Turn   | Place    | Note
-------+----------+-------------------------------------------
     0 | D        | Revguard the Troll Gladiator began the quest for the Orb.
     0 | D        | Reached XP level 1. HP: 19/19 MP: 0/0
     0 | D        | Found a shimmering blue altar of Sif Muna.
     0 | D        | Found a sacrificial altar of Ru.
     0 | D        | Found a bloodstained altar of Trog.
     0 | D        | Found a stormy altar of Qazlal.
     0 | D        | Found an iron altar of Okawaru.
     0 | D        | Found a sparkling altar of Nemelex Xobeh.
     0 | D        | Found a blossoming altar of Fedhas.
     0 | D        | Found the +6 Majin-Bo {vamp, MP+6 Int+6}
     0 | D        | Found the +9 heavy crossbow "Sniper" {vorpal, Acc+∞ SInv}
     0 | D        | Found the +10 dark maul {vorpal}
     0 | D        | Found the +15 Maxwell's patent armour {-Cast -Tele rElec
                  | Will+ rCorr}
     0 | D        | Found the +18 shield of the Gong {rElec rN+ Will+ EV-5}
     0 | D        | Found the +14 obsidian axe {vorpal, Mesm Drain Fly SInv}
     0 | D        | Found the +7 great mace "Firestarter" {inner flame, rF++}
     0 | D        | Found the +6 shillelagh "Devastator" {shatter}
     0 | D        | Found the +11 plutonium sword {Contam Stlth-}
     0 | D        | Found the +8 lance "Wyrmbane" {slay drac, rPois rF+ rC+
                  | AC+3}
     0 | D        | Found the +9 sword of Zonguldrok {reap}
     0 | D        | Found the +13 scythe of Curses {drain, Drain}
     0 | D        | Found the +5 sword of Power {vorpal}
     0 | D        | Found the +7 mace of Variability {chain chaos}
     0 | D        | Found the +7 Singing Sword {vorpal, sonic wave}
     0 | D        | Found the +8 storm bow {elec, penet}
     2 | D        | Found a transporter.
     2 | D        | Found an ancient bone altar of Kikubaaqudgha.
     2 | D        | Found a viscous altar of Jiyva.
     2 | D        | Found a corrupted altar of Lugonu.
     2 | D        | Found a hazy altar of Hepliaklqana.
     2 | D        | Found a burning altar of Makhleb.
     2 | D        | Found an opulent altar of Gozag.
    74 | D        | Reached skill level 5 in Dodging
    74 | D        | Reached XP level 2. HP: 27/27 MP: 1/1
    86 | D        | Became a worshipper of Jiyva Jent the Shapeless
   105 | D        | Entered arena 2.
   105 | D        | Noticed a yaktaur
   105 | D        | Noticed a yaktaur
   105 | D        | Found a transporter.
   108 | D        | Slain by a yaktaur

Illustrated notes

Levels and vault maps discovered:
D:        sprint_v [room_start, room_1, room_2, room_3, room_4, room_5, room_6,
          room_7, room_8, room_9, room_10, room_11, room_12, room_13, room_14,
          room_15, room_16, room_17, room_18, room_19, room_20, room_21,
          room_22, room_23, room_24, room_25, room_26, room_27]

Skill      XL: |  1 |
---------------+----+-----
Armour         | 4 |  4.1
Dodging        | 5 |  5.0
Fighting       | |  1.5
Maces & Flails | |  2.6
Throwing       | |  1.7

Action                   || total
-------------------------++-------
Melee: Great mace        ||     2
  Use: Potion            ||     1
Armor: Gold dragon scale ||     2
Dodge: Dodged            ||     1
